 Dungeon Crawl Stone Soup version 0.27-a0-1332-g84bddb5ca7 (webtiles) character file.

Game seed: 11969339285603653965

21 Brandom the Sneak (level 2, -4/24 HPs)
             Began as a Demonspawn Delver on June 25, 2021.
             Succumbed to an adder's poison
             ... on level 2 of the Dungeon.
             The game lasted 00:02:18 (701 turns).

Brandom the Sneak (Demonspawn Delver)                Turns: 701, Time: 00:02:19

Health: -4/24      AC:  3    Str: 12    XL:     2   Next: 62%
Magic:  2/2        EV: 12    Int: 11    God:
Gold:   23         SH:  0    Dex: 14    Spells: 1/1 levels left

rFire    . . .     SeeInvis .   a - +0 falchion (flame)
rCold    . . .     Faith    .   (no shield)
rNeg     . . .     Spirit   .   b - +0 leather armour
rPois    .         Reflect  .   (no helmet)
rElec    .         Harm     .   (no cloak)
rCorr    .         Rampage  .   (no gloves)
Will     .....                  (no boots)
Stlth    ++........             (no amulet)
HPRegen  0.08/turn              (no ring)
MPRegen  0.08/turn              (no ring)

@: lethally poisoned (-4 -> -23)
A: foul stench 1
a: no special abilities


You were on level 2 of the Dungeon.
You visited 1 branch of the dungeon, and saw 4 of its levels.

You collected 23 gold pieces.

Inventory:

Hand Weapons
 a - a +0 falchion of flaming (weapon)
Armour
 b - a +0 leather armour (worn)
Wands
 g - a wand of mindburst (14)
   (You found it on level 5 of the Dungeon)
 v - a wand of digging (3)
Scrolls
 c - a scroll of fog
 d - a scroll of magic mapping
 e - a scroll of fear
 i - a scroll of identify {unknown}
Potions
 f - a potion of haste {@q3}


   Skills:
 * Level 3.3 Fighting
 * Level 2.2 Long Blades
 + Level 0.6 Armour
 + Level 2.0 Dodging
 - Level 4.5 Stealth


You had one spell level left.
You didn't know any spells.
Your spell library was empty.

Dungeon Overview and Level Annotations

Branches:
Dungeon (5/15)
 Temple: D:4-7

Altars:

Shops:
D:3 *   D:4 (


Innate Abilities, Weirdness & Mutations

You may rarely emit foul miasma when damaged in melee.


Message History

You hit the hobgoblin.
The hobgoblin hits you but does no damage.
You hit the hobgoblin.
You kill the hobgoblin!
Your Dodging skill increases to level 2!
You see here a dart slug corpse.
You see here a dart slug corpse.
A bat comes into view.
You hit the bat but do no damage. The bat hits you. The bat closely misses you.
You hit the bat.
You kill the bat!
No target in view!
No target in view!
A kobold comes into view. It is wielding a +0 short sword.
Found a stone staircase leading up.
The kobold shouts!
An adder comes into view.
Found 13 gold pieces and a scroll labelled BIHAUT ODAQ.
You hit the kobold. The kobold hits you but does no damage.
You hit the kobold.
You kill the kobold!
Your leather armour prevents you from hitting the adder.
The adder bites you.
You are poisoned.
The adder poisons you! The adder bites you but does no damage.
You closely miss the adder.
You feel sick. The adder bites you.
You are more poisoned.
The adder poisons you! The adder bites you.
You miss the adder.
You feel sick. The adder barely misses you.
You hit the adder.
You feel sick. The adder bites you.
* * * LOW HITPOINT WARNING * * *
You are more poisoned.
The adder poisons you! The adder bites you.
* * * LOW HITPOINT WARNING * * *
You are more poisoned.
The adder poisons you!
Okay, then.
As you read the scroll labelled NONACZ VUXEUCY, it crumbles to dust.
It is a scroll of brand weapon.
Your +0 falchion is engulfed in flames!
a - a +0 falchion of flaming (weapon)
* * * LOW HITPOINT WARNING * * *
You feel very sick. The adder bites you.
* * * LOW HITPOINT WARNING * * *
You are more poisoned.
The adder poisons you!
Unknown command.
You closely miss the adder.
You die...

.. ....# ...
.......##.#.# ...
...#.....#.# ?.
.$....#....# ) #
.....#.##.#..####..# #.#
.#..#.##...>..(....
#..<# ...#.######.######
###...#.##.## #.#†..#.
#.....S@##..# #..†....
#.###..)....#######.#...
...........#.....#.####
##########.#.###.#.#
#..........#
#####....### ######


You could see an adder.

Vanquished Creatures
  An ufetubus (D:3)
  A dart slug (D:2)
  An orc (D:3)
  A bat (D:2)
  2 endoplasms (D:3)
  A goblin (D:3)
  A hobgoblin (D:2)
  A quokka (D:3)
  A frilled lizard (D:3)
  A kobold (D:2)
  A rat (D:3)
12 creatures vanquished.

Vanquished Creatures (others)
  2 gnolls (D:5)
2 creatures vanquished.

Grand Total: 14 creatures vanquished

Notes
Turn   | Place    | Note
-------+----------+-------------------------------------------
     0 | D:5      | Brandom the Demonspawn Delver began the quest for the Orb.
     0 | D:5      | Reached XP level 1. HP: 18/18 MP: 1/1
     8 | D:4      | Found Wessetyt's Antique Weapon Shop.
    16 | D:3      | Found Wiled's Assorted Antiques.
   178 | D:3      | Gained mutation: You may rarely emit foul miasma when
                  | damaged in melee. [demonic ancestry]
   178 | D:3      | Reached XP level 2. HP: 6/24 MP: 2/2
   700 | D:2      | HP: 1/24 [adder (3)]
   701 | D:2      | Succumbed to an adder's poison

Illustrated notes

Levels and vault maps discovered:
D:2:      layout_basic, grunt_decor_one_mirror
D:3:      layout_loops_ring, lemuel_crystal_altar, grunt_gozag_breadcrumbs,
          ebering_ghost_rock_garden, serial_shops, nicolae_shop_stone
D:4:      layout_rooms, marbit_many_paths, okawaru_ov_weapons_minmay,
          serial_shops, shop, kennysheep_crisscross, nrook_loot_triangle,
          minmay_misc_feat_encased
D:5:      layout_rooms, zin_treasury, temple_hall, lemuel_flamethrower_2

Skill      XL: |  1  2 |
---------------+-------+-----
Long Blades    | 2 |  2.2
Dodging        | 2 |  2.0
Fighting       | |  3.3
Armour         | |  0.6
Stealth        | |  4.5

Action                   || total
-------------------------++-------
Melee: Falchion          ||    49
  Use: Scroll            ||     1
 Stab: Sleeping          ||     1
Armor: Leather armour    ||    14
Dodge: Dodged            ||    39
       Rpst.: Falchion   ||     7

Table legend: (Time is in decaauts)
 A = Elapsed time spent in this place.
 B = Non-inter-level travel time spent in this place.
 C = Inter-level travel time spent in this place.
 D = Time resting spent in this place.
 E = Time spent auto-exploring this place.
 F = Levels seen in this place.
 G = Mean time per level.
                   A        B        C        D        E       F      G
               +--------+--------+--------+--------+--------+-----+--------+
         Total |    710 |    710 |      0 |    388 |    113 |   4 |  177.5 |
       Dungeon |    710 |    710 |      0 |    388 |    113 |   4 |  177.5 |
               +--------+--------+--------+--------+--------+-----+--------+

Top non-repeatable levels by time:
     D:3: 635 daAuts
     D:2: 63 daAuts
     D:5: 8 daAuts
     D:4: 3 daAuts
